 Dungeon Crawl Stone Soup version 0.31.0-1-g2c135a008e (webtiles) character file.

Game seed: 12961786369317369649

20 qw the Shooter (level 3, 0/28 HPs)
             Began as a Djinni Hunter on Jan 24, 2024.
             Slain by a gnoll
             ... wielding a +0 halberd
              (7 damage)
             ... on level 2 of the Dungeon.
             The game lasted 00:00:01 (888 turns).

qw the Shooter (Djinni Hunter)                       Turns: 888, Time: 00:00:02

Health: 0/28       AC:  3    Str: 10    XL:     3   Next: 0%
Gold:   45         EV: 12    Int: 10    God:
                   SH:  0    Dex: 18

rFire   + + .        a - +0 shortbow
rCold   x . .        (shield currently unavailable)
rNeg    . . .        c - +0 leather armour
rPois   inf          (no helmet)
rElec   .            (no cloak)
rCorr   .            (no gloves)
SInv    .            (boots unavailable)
Will    .....        (no amulet)
Stlth   ++           (no ring)
HPRegen 0.24/turn    (no ring)
MPRegen 0.00/turn

%: infuse magic (-1 HP)
@: flying
A: sickness immunity, fire resistance 2, cold vulnerability 1, float, innate
caster, HP casting, extra vitality 1
a: no special abilities


You were on level 2 of the Dungeon.
You visited 1 branch of the dungeon, and saw 2 of its levels.

You collected 45 gold pieces.


Innate Abilities, Weirdness & Mutations

You are immune to sickness and miasma.
You are immune to poison.
Your flesh is very heat resistant. (rF++)
You are vulnerable to cold. (rC-)
You float through the air rather than walking.
You learn spells naturally, not from books.
Your magical power is your life essence.
You have superior vitality. (+4 MHP)


   Skills:
 - Level 2.0 Fighting
 + Level 3.9 Ranged Weapons
 - Level 2.1 Dodging
 - Level 0.7 Stealth


You knew the following spells:

 Your Spells              Type           Power      Damage    Failure   Level
a - Summon Small Mammal   Summ           0%         N/A       45%         1
Your spell library was empty.

Inventory:

Hand Weapons
 a - a +0 shortbow (weapon)
Armour
 c - a +0 leather armour (worn)
Potions
 f - a potion of curing {unknown}

Dungeon Overview and Level Annotations

Branches:
Dungeon (2/15)

Altars:


Message History

752 ||| DROPPING scroll of butterflies.
You drop a scroll of butterflies.
Done exploring.
753 ||| DROPPING potion of invisibility.
You drop a potion of invisibility.
Done exploring.
What level of the Dungeon? (default 1, ? - help)
There is an open door here.
There is a stone staircase leading down here.
You fly downwards.
The gnoll shouts! x2; The frilled lizard hisses angrily.
The gnoll shouts!
There is a stone staircase leading up here.
There are monsters nearby!
Waypoint 1 assigned to D:2.
You shoot an arrow. The arrow misses the bat.
You hear an angry hiss.
The bat closely misses you. The gnoll closely misses you.
The gnoll hits you from afar with a +0 spear.
The gnoll hits you from afar with a +0 antimagic spear.
You shoot an arrow. The arrow misses the bat.
The bat closely misses you.
The gnoll throws a throwing net.
The throwing net closely misses you.
The gnoll hits you from afar with a +0 antimagic spear.
The gnoll hits you from afar with a +0 halberd!
776 ||| STAIRDANCE The bat closely misses you.
The gnoll hits you from afar with a +0 spear.
The gnoll hits you from afar with a +0 antimagic spear.
The gnoll hits you from afar with a +0 halberd.
You fly upwards.
There is a stone staircase leading down here.
You start resting.
HP restored.
Done exploring.
What level of the Dungeon? (default 2, ? - help)
You fly downwards.
The bat hits you. The bat closely misses you. x2
The gnoll hits you with a +0 whip! The gnoll closely misses you.
The gnoll hits you from afar with a +0 antimagic spear.
The gnoll closely misses you. The gnoll hits you with a +0 whip.
The gnoll misses you. The gnoll hits you with a +0 spear.
The gnoll hits you with a +0 halberd!
You die...

.# .#
#####.#
#.....
#....#
#..g.###..
#ggl.l.g..
#.@b.#
#..g.#
#....#
#...(#
######


You could see 4 gnolls, a hobgoblin (wandering), a bat and 2 frilled lizards.

Vanquished Creatures
  4 endoplasms (D:1)
  A giant cockroach (D:1)
  A hobgoblin (D:1)
  4 jackals (D:1)
  A bat (D:1)
  A goblin (D:1)
  3 kobolds (D:1)
  2 rats (D:1)
17 creatures vanquished.

Notes
Turn   | Place    | Note
-------+----------+-------------------------------------------
     0 | D:1      | qw the Djinni Hunter began the quest for the Orb.
     0 | D:1      | Reached XP level 1. HP: 18/18 MP: 0/0
     0 | D:1      | 0 ||| qw: Version: 0.3-a-136-gdd3b4e8
     0 | D:1      | 0 ||| qw: Game counter: 1440
     0 | D:1      | 0 ||| qw: Melee chars always use a shield: true
     0 | D:1      | 0 ||| qw: God list: Okawaru
     0 | D:1      | 0 ||| qw: Allow faded altars: false
     0 | D:1      | 0 ||| qw: Do Orc after clearing Dungeon:15 true
     0 | D:1      | 0 ||| qw: Do second Lair branch before Depths: true
     0 | D:1      | 0 ||| qw: Lair rune preference: random
     0 | D:1      | 0 ||| qw: Goals: Normal
     0 | D:1      | 0 ||| PLANNING D:1-11
   236 | D:1      | Reached XP level 2. HP: 23/23 MP: 0/0
   534 | D:1      | Reached XP level 3. HP: 28/28 MP: 0/0
   534 | D:1      | Learned a level 1 spell: Summon Small Mammal
   750 | D:1      | 750 ||| READING scroll labelled RENANE JUGE.
   750 | D:1      | 750 ||| IDENTIFYING bubbling amethyst potion
   751 | D:1      | 751 ||| READING scroll labelled QOXKIO KAERY.
   751 | D:1      | 751 ||| ENCHANTING +0 shortbow.
   752 | D:1      | 752 ||| DROPPING scroll of butterflies.
   753 | D:1      | 753 ||| DROPPING potion of invisibility.
   776 | D:2      | 776 ||| STAIRDANCE
   776 | D:2      | HP: 7/28 [gnoll/+0 spear (4)]
   776 | D:2      | HP: 1/28 [gnoll/+0 halberd (3)]
   888 | D:2      | HP: 7/28 [gnoll/+0 spear (6)]
   888 | D:2      | Slain by a gnoll

Levels and vault maps discovered:
D:1:      matt_arrival_refuge, layout_basic
D:2:      layout_rooms, hellmonk_ecumenical_altar_inner_sanctum

Action                     || total
---------------------------++-------
   Fire: Shortbow          ||    36
    Use: Scroll            ||     2
 Armour: Leather armour    ||    25
  Dodge: Dodged            ||    17

Table legend:
 A = Non-vault XP
 B = Vault XP
 C = Vault XP percentage of total XP
 D = Non-vault monster count
 E = Vault monster count
 F = Vault count percentage of total count
                 A         B        C        D         E       F
            +---------+---------+-------+---------+---------+-------
      Total |      29 |       0 |   0.0 |      17 |       0 |   0.0
            +---------+---------+-------+---------+---------+-------
        D:1 |      29 |       0 |   0.0 |      17 |       0 |   0.0
            +---------+---------+-------+---------+---------+-------
